 Dungeon Crawl Stone Soup version 0.31-a0-473-g61b50ae490 (webtiles) character file.

Game seed: 16254960622768744353

233 Crownlay the Digger (level 6, -7/32 HPs)
             Began as a Gargoyle Earth Elementalist on Aug 6, 2023.
             Mangled by a gnoll
             ... wielding a +0 halberd
              (15 damage)
             ... on level 3 of the Dungeon.
             The game lasted 00:04:05 (2697 turns).

Crownlay the Digger (Gargoyle Earth Elementalist)   Turns: 2697, Time: 00:04:05

Health: -7/32      AC:  6    Str: 12    XL:     6   Next: 5%
Magic:  4/13       EV: 11    Int: 17    God:
Gold:   157        SH:  0    Dex: 10    Spells: 10/14 levels left

rFire   . . .        j - +1 dagger (pain)
rCold   . . .        (no shield)
rNeg    + . .        a - +0 robe
rPois   ∞            (no helmet)
rElec   +            (no cloak)
rCorr   .            (no gloves)
SInv    +            (no boots)
Will    .....        (no amulet)
Stlth   ++           g - ring of see invisible
HPRegen 0.25/turn    (no ring)
MPRegen 0.13/turn

%: no passive effects
@: no status effects
A: sickness immunity, AC +4, negative energy resistance 1, electricity
resistance, torment resistance 1, petrification resistance
a: no special abilities


You were on level 3 of the Dungeon.
You visited 1 branch of the dungeon, and saw 3 of its levels.

You collected 157 gold pieces.

Inventory:

Hand Weapons
 j - a +1 dagger of pain (weapon)
Armour
 a - a +0 robe (worn)
Jewellery
 g - a ring of see invisible (left hand)
Wands
 k - a wand of flame (13)
 l - a wand of polymorph (7)
Scrolls
 c - a scroll of revelation
 f - 3 scrolls of identify
 i - a scroll of teleportation {unknown}
 n - a scroll of poison {unknown}
Potions
 b - a potion of magic
 d - a potion of lignification {unknown}
 e - 3 potions of curing
 h - a potion of invisibility {unknown}
 m - a potion of degeneration {unknown}


   Skills:
 - Level 1.5 Dodging
 - Level 2.1 Stealth
 * Level 4.7 Spellcasting
 - Level 0.7 Transmutations
 + Level 5.3 Earth Magic


You had 10 spell levels left.
You knew the following spells:

 Your Spells              Type           Power      Damage    Failure   Level
a - Sandblast             Erth           44%        2d11      1%          1
b - Stone Arrow           Conj/Erth      26%        3d8       14%         3

Your spell library contained the following spells:

 Spells                   Type           Power      Damage    Failure   Level
 Passwall                 Tmut/Erth      11%        N/A       6%          2
 Ensorcelled Hibernation  Hex/Ice        8%         N/A       22%         2
 Petrify                  Tmut/Erth      14%        N/A       38%         4
 Portal Projectile        Hex/Tloc       8%         N/A       41%         3
 Swiftness                Air            4%         N/A       41%         3
 Tukima's Dance           Hex            4%         N/A       41%         3
 Iskenderun's Mystic Bla  Conj/Tloc      4%         2d3       82%         4


Dungeon Overview and Level Annotations

Branches:
Dungeon (3/15)

Altars:
Uskayaw

Shops:
D:2 [


Innate Abilities, Weirdness & Mutations

You are immune to sickness and miasma.
Your stone body is resilient. (AC +4)
You are immune to poison.
You resist negative energy. (rN+)
You are resistant to electric shocks. (rElec)
You are resistant to unholy torment.
You are immune to petrification.


Message History

The kobold hits you but does no damage.
The blast of sand misses the kobold.
The blast of sand hits the gnoll!
You kill the gnoll!
The blast of sand hits the kobold.
You kill the kobold!
The gnoll hits you from afar with a +0 halberd!
The hobgoblin hits you. The hobgoblin barely misses you.
The gnoll completely misses you.
The blast of sand hits the hobgoblin!
You kill the hobgoblin!
The gnoll closely misses you.
You have reached level 6!
The blast of sand hits the gnoll but does no damage.
The gnoll misses you.
The gnoll hits you from afar with a +0 halberd.
The gnoll hits you but does no damage. The gnoll hits you with a +0 whip.
You are too injured to fight recklessly!
You are too injured to fight recklessly!
You are too injured to fight recklessly!
You are too injured to fight recklessly!
Casting: Sandblast (safe; 1% risk of failure)
Confirm with . or Enter, or press ? or * to list all spells.
Aiming: Sandblast (safe; 1% risk of failure)
Press: ? - help, Shift-Dir - straight line, f/p - gnoll
Aim: a gnoll, wielding a +0 whip (85% to hit)
The blast of sand hits the gnoll!
You kill the gnoll!
The gnoll closely misses you.
Casting: Sandblast (safe; 1% risk of failure)
Confirm with . or Enter, or press ? or * to list all spells.
Aiming: Sandblast (safe; 1% risk of failure)
Press: ? - help, Shift-Dir - straight line, f - kobold
Aim: a kobold, wielding a +0 dagger (79% to hit)
The blast of sand hits the kobold.
The kobold is heavily wounded.
The gnoll hits you from afar with a +0 halberd!
* * * LOW HITPOINT WARNING * * *
The kobold misses you.
The gnoll hits you from afar with a +0 halberd!
You die...

~~~.~.~~~~~~~~~..~~~~..~.~~~#
~≈~≈~~≈≈~~~≈~~~~~~~≈~~~~~~~~#
~≈≈≈≈≈≈≈≈≈≈≈~≈≈≈≈≈≈≈≈≈~≈≈≈≈≈#
~≈≈≈≈≈≈≈≈≈≈≈≈≈#####≈≈≈~≈≈≈≈≈#
###############$$$#≈≈≈≈≈≈≈≈≈#
..............#$$$#≈≈≈≈≈≈≈≈≈
..............#g)$
..........).).##K#
.).########.)..K@# ...#
#...[..# ...########......#
..............##)##
..............#)).#
..............#...#
###############...# #####


You could see a gnoll and 2 kobolds.

Vanquished Creatures
  2 orc wizards (D:3)
  6 gnolls (D:3)
  2 adders
  3 worms (D:2)
  2 dart slugs (D:2)
  4 orcs (D:3)
  6 ball pythons
  6 bats
  5 endoplasms
  3 giant cockroaches
  16 goblins
  9 hobgoblins
  2 jackals (D:3)
  A quokka (D:2)
  4 frilled lizards
  13 kobolds
  7 rats
91 creatures vanquished.

Notes
Turn   | Place    | Note
-------+----------+-------------------------------------------
     0 | D:1      | Crownlay the Gargoyle Earth Elementalist began the quest
                  | for the Orb.
     0 | D:1      | Reached XP level 1. HP: 10/10 MP: 3/3
   133 | D:1      | Reached XP level 2. HP: 15/15 MP: 0/5
   369 | D:1      | Found a faded altar of an unknown god.
   390 | D:1      | Reached skill level 4 in Earth Magic
   869 | D:2      | Reached XP level 3. HP: 19/19 MP: 5/7
   873 | D:2      | Learned a level 3 spell: Stone Arrow
   982 | D:2      | Found Gamna Bocw's Armour Emporium.
  1265 | D:2      | Reached XP level 4. HP: 24/24 MP: 7/9
  1698 | D:3      | Reached XP level 5. HP: 27/28 MP: 3/11
  2060 | D:3      | Reached skill level 5 in Earth Magic
  2183 | D:3      | Found a hide-covered altar of Uskayaw.
  2695 | D:3      | Reached XP level 6. HP: 23/32 MP: 6/13
  2697 | D:3      | Mangled by a gnoll

Illustrated notes

Levels and vault maps discovered:
D:1:      dpeg_arrival_arbitrary_c, layout_basic, nicolae_ecumenical_lake_church
D:2:      layout_basic, serial_shops, shop, minmay_pentomino_u2
D:3:      minmay_goblin_kobold_castle, layout_loops_ring,
          overflow_temple_1_default

Skill      XL: |  1  2  3  4  5 |
---------------+----------------+-----
Earth Magic    | 4 5 |  5.3
Spellcasting   | 3 4 |  4.7
Dodging        | |  1.5
Stealth        | |  2.1
Transmutations | |  0.7

Action                     |  1- 3 |  4- 6 || total
---------------------------+-------+-------++-------
  Melee: Short sword       |     3 |       ||     3
         Dagger            |       |     2 ||     2
   Cast: Sandblast         |    55 |    79 ||   134
    Use: Scroll            |       |     2 ||     2
 Armour: Robe              |     9 |    22 ||    31
  Dodge: Dodged            |    20 |    38 ||    58

Table legend: (Time is in decaauts)
 A = Elapsed time spent in this place.
 B = Non-inter-level travel time spent in this place.
 C = Inter-level travel time spent in this place.
 D = Time resting spent in this place.
 E = Time spent auto-exploring this place.
 F = Levels seen in this place.
 G = Mean time per level.
                   A        B        C        D        E       F      G
               +--------+--------+--------+--------+--------+-----+--------+
         Total |   2765 |   2748 |     17 |      0 |   2303 |   3 |  921.7 |
       Dungeon |   2765 |   2748 |     17 |      0 |   2303 |   3 |  921.7 |
               +--------+--------+--------+--------+--------+-----+--------+

Top non-repeatable levels by time:
     D:3: 1104 daAuts
     D:1: 880 daAuts
     D:2: 780 daAuts
